 Dungeon Crawl Stone Soup version 0.21-a0-150-gc243083 (webtiles) character file.

14690 drasked the Grappler (level 11, -5/113 HPs)
             Began as a Troll Monk on July 26, 2017.
             Slain by a dream sheep (28 damage)
             ... on level 5 of the Lair of Beasts.
             The game lasted 00:25:14 (10217 turns).

drasked the Grappler (Troll Monk)                  Turns: 10217, Time: 00:25:15

Health: -5/113     AC:  5    Str: 24    XL:     11   Next: 92%
Magic:  10/10      EV: 14    Int:  6    God:
Gold:   559        SH:  0    Dex: 12    Spells: 10/10 levels left

rFire    . . .     SeeInvis .     - Unarmed
rCold    . . .     Gourm    +   (no shield)
rNeg     . . .     Faith    .   K - +0 robe {MR+}
rPois    .         Spirit   .   (helmet restricted)
rElec    .         Reflect  +   (no cloak)
rCorr    .         Harm     .   (gloves unavailable)
MR       ++...                  (boots unavailable)
Stlth    ++........             u - +5 amulet of reflection
HPRegen  0.68/turn              m - ring of protection from magic {MR+, !d}
MPRegen  0.12/turn              (no ring)

@: sleeping
A: unfitting armour, claws 3, fast metabolism 3, gourmand, regeneration 1,
shaggy fur 1, tough skin 2
a: no special abilities


You were on level 5 of the Lair of Beasts.
You were not hungry.

You visited 3 branches of the dungeon, and saw 17 of its levels.

You collected 559 gold pieces.

Inventory:

Armour
 K - a +0 robe of magic resistance (worn)
   (You found it on level 10 of the Dungeon)
Jewellery
 d - a +5 ring of strength {unknown}
   (You found it on level 2 of the Lair of Beasts)
 m - a ring of protection from magic (left claw) {MR+, !d}
   (You found it on level 3 of the Dungeon)
 u - a +5 amulet of reflection (around neck)
   (You found it on level 4 of the Dungeon)
Wands
 e - a wand of lightning (8/15)
   (You found it on level 2 of the Lair of Beasts)
 y - a wand of polymorph (13/24)
   (You found it on level 6 of the Dungeon)
 A - a wand of acid (15/15)
   (You took it off Pikel on level 7 of the Dungeon)
 F - a wand of digging (8/24)
   (You found it on level 8 of the Dungeon)
 N - a wand of iceblast (6/15)
   (You found it on level 10 of the Dungeon)
Scrolls
 g - 6 scrolls of remove curse
 i - a scroll of enchant weapon
 j - 3 scrolls of recharging
 o - a scroll of fear
 q - 2 scrolls of identify
 r - 3 scrolls of amnesia
 s - 3 scrolls of teleportation
 B - a scroll of immolation {!r}
 I - a scroll of noise {unknown}
Potions
 f - 2 potions of cancellation
 k - 2 potions of might
 p - 4 potions of curing
 t - 2 potions of brilliance
 v - a potion of resistance {unknown}
 x - a potion of heal wounds
 C - 2 potions of berserk rage {!q}
 G - a potion of haste
 M - a potion of flight
Books
 w - a book of Flames
   (You found it on level 8 of the Dungeon)
 E - a book of Necromancy
   (You found it on level 8 of the Dungeon)
 J - a book of Power
   (You found it on level 9 of the Dungeon)
 L - a book of Enchantments
   (You found it on level 10 of the Dungeon)
Comestibles
 b - 9 bread rations {@e1}
 c - 16 royal jellies
 h - 6 meat rations {@e2}
 n - 10 fruits


   Skills:
 + Level 8.6 Fighting
 + Level 8.4 Dodging
 - Level 1.0 Stealth
 * Level 13.7 Unarmed Combat


You had 10 spell levels left.
You didn't know any spells.

Dungeon Overview and Level Annotations

Branches:
Dungeon (11/15)            Temple (1/1) D:7            Lair (5/6) D:10
  Slime (0/5) Lair:5
  Swamp: Lair:2-4    Shoals: Lair:2-4     Snake: Lair:2-4    Spider: Lair:2-4
    Orc: D:9-12

Altars:
Ashenzari
Cheibriados
Dithmenos
Elyvilon
Fedhas
Gozag
Hepliaklqana
Kikubaaqudgha
Makhleb
Nemelex Xobeh
Okawaru
Qazlal
Ru
Sif Muna
Trog
Uskayaw
Vehumet
Wu Jian
Xom
Yredelemnul
Zin
The Shining One

Shops:
D:6 :}   D:10 *

Annotations:
D:7 exclusion: Joseph, Joseph
D:9 exclusion: Maurice, Maurice
D:10 4 runed doors


Innate Abilities, Weirdness & Mutations

You are too large for most types of armour.
You have claws for hands.
Your metabolism is lightning-fast.
You like to eat raw meat.
Your natural rate of healing is unusually fast.
You are covered in fur. (AC +1)
You have very tough skin. (AC +2)


Message History

You take 1 damage, and have 84/113 hp.
You feel sick.
You take 2 damage, and have 82/113 hp.
You feel sick.
You feel sick.
You feel sick.
You take 1 damage, and have 81/113 hp.
You feel sick.
You take 1 damage, and have 80/113 hp.
You feel sick.
You feel sick.
You feel sick.
You take 1 damage, and have 79/113 hp.
You feel sick.
You feel sick.
q - 2 scrolls of identify (gained 1)
You feel sick.
You feel sick.
You feel sick.
You take 1 damage, and have 78/113 hp.
You feel sick.
You feel sick.
You feel sick.
You take 1 damage, and have 79/113 hp.
A crocodile comes into view.
You feel sick.
You take 1 damage, and have 80/113 hp.
Found a stone staircase leading up.
You feel sick.
You take 1 damage, and have 81/113 hp.
You barely miss the crocodile. You scratch the crocodile.
You block the crocodile's attack.
You barely miss the crocodile. You block the crocodile's attack.
You barely miss the crocodile.
You feel sick. The crocodile bites you!
You take 11 damage, and have 73/113 hp.
You mangle the crocodile!! You mangle the crocodile!!
You kill the crocodile!
Something bites the fungus!
A dream sheep comes into view.
The dream sheep bleats!
The dream sheep moves out of view.
A dream sheep comes into view. 2 dream sheep come into view.
A dream sheep comes into view.
You feel sick.
The dream sheep bleats!
The dream sheep shake their wool and sparkle.
You feel drowsy...
You fall asleep.
The dream sheep bleats! x2
You wake up.
The dream sheep bites the fungus.
You feel sick.
You are no longer poisoned.
The dream sheep ruffle their wool and motes of dream dust sparkle, to no effect.
The dream sheep shake their wool and sparkle.
You feel drowsy...
You fall asleep.
The dream sheep bites you.
You wake up.
The dream sheep bites you.
You take 10 damage, and have 70/113 hp.
You scratch the dream sheep.
The dream sheep bites you but does no damage.
The dream sheep closely misses you.
You mangle the dream sheep!!
You kill the dream sheep!
The dream sheep bites you!
You take 6 damage, and have 64/113 hp.
You scratch the dream sheep. The dream sheep bites you.
You take 3 damage, and have 61/113 hp.
You closely miss the dream sheep. The dream sheep bites you!
The dream sheep barely misses you. The dream sheep bites you!
You take 18 damage, and have 43/113 hp.
You scratch the dream sheep but do no damage.
The dream sheep closely misses you.
The dream sheep are wreathed in dream dust.
You feel drowsy...
You fall asleep.
The dream sheep bites you!!
You wake up.
* * * LOW HITPOINT WARNING * * *
You block the dream sheep's attack.
You take 22 damage, and have 21/113 hp.
You barely miss the dream sheep. The dream sheep bites you.
* * * LOW HITPOINT WARNING * * *
You block the dream sheep's attack.
You take 3 damage, and have 18/113 hp.
You barely miss the dream sheep. The dream sheep bites you.
* * * LOW HITPOINT WARNING * * *
The dream sheep bites you!
* * * LOW HITPOINT WARNING * * *
The dream sheep misses you.
You take 12 damage, and have 6/113 hp.
You feel much better. The dream sheep barely misses you.
The dream sheep bites you!
* * * LOW HITPOINT WARNING * * *
The dream sheep bites you but does no damage.
You block the dream sheep's attack.
You regained 14 hp, and now have 20/113 hp.
The dream sheep ruffle their wool and motes of dream dust sparkle, to no effect.
You block the dream sheep's attack.
The dream sheep shake their wool and sparkle.
You feel drowsy...
You fall asleep.
The dream sheep bites you!!
You die...

,**,,,,,,,.<.........+Y...,,,,,,*
,******,,,*.....#.....Y...,,,,,,,
,** *,****,..#...%.#,,,,,,,,,,,
,,* *****,,*#.#..###*,***,,**,*
,** *,..,##...# *****,,**** ,,*
**#..#...## *,,,,* ,,* #..#PYY##
*,,,** +*###* ##.###YY.# **,,**
.....* ####....#@P### ***,+,*
#.#.#* #.....#....#.#****,,>,,**
....###*##..........##P#*,,,,,,*
..#.+.###.............(.+,,,,,**
....#..............#..#.,,,,,,,*
#.....##.........######,,,,,,,**
.................### **,,,*,*,*
...<.######+#.#....# **,,**,**
.....# **..###.### **,***,*


You could see 4 dream sheep.

Vanquished Creatures
  3 two-headed ogres
  4 death yaks (Lair:2)
  Pikel (D:7)
  2 black mambas
  A gargoyle (D:10)
  A spiny frog (Lair:4)
  A troll (D:10)
  A dream sheep (Lair:5)
  4 hippogriffs
  14 yaks
  A hungry ghost (D:8)
  Menkaure (D:5)
  Edmund (D:4)
  2 water moccasins
  3 porcupines (Lair:1)
  The ghost of drasked the Ruffian, an amateur TrMo (D:3)
  5 ice beasts
  A slave (D:7)
  4 orc warriors
  2 ogres
  2 centaurs
  2 wolves (D:10)
  A crocodile (Lair:5)
  5 bullfrogs
  4 scorpions
  9 killer bees
  3 wights (D:7)
  A howler monkey (D:5)
  3 electric eels
  A centaur zombie (D:6)
  2 bullfrog zombies (D:6)
  5 crimson imps
  2 quasits
  9 hounds
  4 jellies
  2 orc priests
  Jessica (D:2)
  3 centaur skeletons
  4 iguanas
  9 orc wizards
  5 worker ants
  12 gnolls
  10 adders
  A howler monkey skeleton (D:8)
  3 shadow imps
  8 oozes
  An adder skeleton (D:5)
  An adder zombie (D:6)
  2 worms (D:2)
  A dart slug (D:1)
  2 leopard geckos
  21 orcs
  A ball python (D:1)
  8 bats
  7 giant cockroaches
  5 goblins
  9 hobgoblins
  11 jackals
  7 kobolds
  3 quokkas
  5 frilled lizards
  A leopard gecko zombie (D:5)
  A quokka skeleton (D:6)
  9 rats
259 creatures vanquished.

Vanquished Creatures (others)
  2 slaves (D:7)
  A centaur zombie (D:7)
  A gnoll (D:7)
  An adder zombie (D:7)
  An orc (D:7)
  A fungus (Lair:5)
7 creatures vanquished.

Grand Total: 266 creatures vanquished

Notes
Turn   | Place    | Note
-------+----------+-------------------------------------------
     0 | D:1      | drasked the Troll Monk began the quest for the Orb.
     0 | D:1      | Reached XP level 1. HP: 22/22 MP: 0/0
   235 | D:1      | Reached XP level 2. HP: 28/29 MP: 1/1
  1124 | D:1      | Reached XP level 3. HP: 36/36 MP: 2/2
  1184 | D:2      | Noticed Jessica
  1203 | D:2      | Killed Jessica
  1203 | D:2      | Reached skill level 3 in Fighting
  1203 | D:2      | Reached skill level 4 in Unarmed Combat
  1203 | D:2      | Reached XP level 4. HP: 39/45 MP: 3/3
  1235 | D:2      | Found a bloodstained altar of Trog.
  1472 | D:2      | Reached skill level 3 in Dodging
  1650 | D:2      | Found a snail-covered altar of Cheibriados.
  1691 | D:2      | Reached XP level 5. HP: 53/53 MP: 4/4
  1920 | D:3      | Noticed an ogre
  1928 | D:3      | HP: 13/53 [ogre/giant spiked club (10)]
  1930 | D:3      | Killed an ogre
  1930 | D:3      | Reached skill level 5 in Unarmed Combat
  2010 | D:3      | Noticed drasked's ghost (amateur TrMo)
  2034 | D:3      | Killed drasked's ghost
  2034 | D:3      | Reached XP level 6. HP: 47/61 MP: 5/5
  2069 | D:3      | Found a glowing silver altar of Zin.
  2729 | D:4      | Found a blossoming altar of Fedhas.
  2880 | D:4      | Reached skill level 6 in Unarmed Combat
  2880 | D:4      | Reached XP level 7. HP: 66/68 MP: 6/6
  3010 | D:4      | Noticed Edmund
  3037 | D:4      | Killed Edmund
  3037 | D:4      | Reached skill level 4 in Fighting
  3037 | D:4      | Reached skill level 4 in Dodging
  3158 | D:4      | Noticed a yak
  3158 | D:4      | Noticed a yak
  3159 | D:4      | Noticed a yak
  3160 | D:4      | Noticed a yak
  3160 | D:4      | Noticed a yak
  3185 | D:4      | Noticed a yak
  3190 | D:4      | Killed a yak
  3192 | D:4      | HP: 13/71 [yak (6)]
  3293 | D:3      | Killed a yak
  3293 | D:3      | Reached skill level 7 in Unarmed Combat
  3300 | D:3      | HP: 14/71 [yak (9)]
  3302 | D:3      | Killed a yak
  3302 | D:3      | Reached XP level 8. HP: 16/79 MP: 7/7
  3445 | D:3      | Reached skill level 8 in Unarmed Combat
  3556 | D:4      | Reached skill level 5 in Fighting
  3556 | D:4      | Reached skill level 5 in Dodging
  3704 | D:5      | Entered Level 5 of the Dungeon
  3717 | D:5      | Noticed Menkaure
  3725 | D:5      | Killed Menkaure
  4133 | D:5      | Reached XP level 9. HP: 61/88 MP: 8/8
  4140 | D:5      | Reached skill level 9 in Unarmed Combat
  4473 | D:5      | Found a hazy altar of Hepliaklqana.
  4482 | D:5      | Found a shadowy altar of Dithmenos.
  4917 | D:6      | Found Doxzom's Gadget Boutique.
  5073 | D:6      | Found Dipust's Book Boutique.
  5398 | D:7      | Reached skill level 6 in Dodging
  5406 | D:7      | Noticed Pikel
  5430 | D:7      | Killed Pikel
  5430 | D:7      | Reached skill level 6 in Fighting
  5430 | D:7      | Reached skill level 10 in Unarmed Combat
  5505 | D:7      | Found a staircase to the Ecumenical Temple.
  5513 | Temple   | Entered the Ecumenical Temple
  6015 | D:7      | Noticed Joseph
  6212 | D:8      | Noticed a two-headed ogre
  6221 | D:8      | HP: 7/92 [two-headed ogre/giant club (29)]
  6223 | D:8      | Killed a two-headed ogre
  6223 | D:8      | Reached skill level 11 in Unarmed Combat
  6223 | D:8      | Reached XP level 10. HP: 9/100 MP: 9/9
  6951 | D:9      | Noticed Maurice
  7014 | D:9      | Reached skill level 7 in Fighting
  7101 | D:9      | Reached skill level 7 in Dodging
  7220 | D:9      | You fall through a shaft!
  7220 | D:10     | Entered Level 10 of the Dungeon
  7395 | D:10     | Reached skill level 12 in Unarmed Combat
  7410 | D:10     | Noticed a gargoyle
  7438 | D:10     | Killed a gargoyle
  7550 | D:10     | Found a huge runed gate.
  7551 | D:10     | Found a huge runed gate.
  7552 | D:10     | Found a huge runed gate.
  7750 | D:10     | Found a staircase to the Lair.
  7797 | D:10     | Found Tanaih's Assorted Antiques.
  7816 | D:10     | Reached XP level 11. HP: 69/109 MP: 10/10
  8000 | D:10     | Noticed a two-headed ogre
  8011 | D:10     | Killed a two-headed ogre
  8120 | D:10     | Noticed a two-headed ogre
  8213 | D:10     | Killed a two-headed ogre
  8657 | D:10     | Found a huge runed gate.
  8671 | D:10     | Noticed a death yak
  8756 | Lair:1   | Entered Level 1 of the Lair of Beasts
  8773 | Lair:1   | Reached skill level 8 in Fighting
  8786 | Lair:1   | HP: 26/111 [yak (10)]
  8805 | Lair:1   | HP: 17/111 [yak (12)]
  9115 | Lair:2   | Reached skill level 13 in Unarmed Combat
  9169 | Lair:3   | Noticed a death yak
  9169 | Lair:3   | Noticed a death yak
  9169 | Lair:3   | Noticed a death yak
  9169 | Lair:3   | Noticed a death yak
  9239 | Lair:1   | HP: 22/111 [porcupine's spines (7)]
  9325 | Lair:1   | HP: 22/111 [/a scroll of torment (20)]
  9499 | Lair:2   | Killed a death yak
  9499 | Lair:2   | Reached skill level 8 in Dodging
  9505 | Lair:2   | Killed a death yak
  9546 | Lair:1   | HP: 28/113 [poisoned by a black mamba]
  9552 | Lair:1   | HP: 28/113 [poisoned by a black mamba]
  9811 | Lair:2   | Killed a death yak
  9814 | Lair:2   | HP: 28/113 [death yak (18)]
  9818 | Lair:2   | Killed a death yak
 10088 | Lair:4   | Noticed a death yak
 10210 | Lair:5   | HP: 21/113 [dream sheep (23)]
 10212 | Lair:5   | HP: 6/113 [dream sheep (9)]
 10217 | Lair:5   | Slain by a dream sheep

Vault maps used:
D:1:      minmay_arrival_floating_metal
D:2:      lemuel_coloured_pillars_altar, grunt_ministairs_2,
          cheibriados_altar_1, uniq_jessica
D:3:      lemuel_round_altar, first_bread
D:4:      kennysheep_little_box, uniq_edmund
D:5:      amethyst_overflow_temple_binary, minmay_misc_feat_columns,
          uniq_menkaure
D:6:      serial_shops, shop, nicolae_shop_waterfront
D:7:      minmay_temple_entry_junction, uniq_pikel, uniq_joseph
D:9:      corexii_shack_village, orc_0_dummy, serial_shops, shop, uniq_maurice
D:10:     lemuel_bear_cage, erik_lair_island, serial_shops,
          nicolae_shop_overgrown_old_shop, hangedman_little_slice_of_home,
          serial_park_tiny_pond
D:11:     jmf_multi_god_temple
Temple:   lightli_temple_of_artemis
Lair:1:   basic_altar, serial_bayou_pond_d
Lair:2:   lemuel_fruit_tree
Lair:3:   minmay_swamp_entry_worms, grunt_forest_small_clearings
Lair:4:   spider_nest_entry_rubble
Lair:5:   slime_altar_1, grunt_megastairs_1, serial_bayou_shore_b, uniq_kirke

Skill      XL: |  1  2  3  4  5  6  7  8  9 10 11 |
---------------+----------------------------------+-----
Fighting       | 3 4 5 6 7 8 |  8.6
Unarmed Combat | 4 5 6 7 8 11 12 13 | 13.7
Dodging        | 3 4 5 6 7 8 |  8.4
Stealth        | |  1.0

Action                   |  1- 3 |  4- 6 |  7- 9 | 10-12 || total
-------------------------+-------+-------+-------+-------++-------
Melee: Unarmed           |    84 |   155 |   281 |   339 ||   859
       Punch             |       |     7 |     9 |    30 ||    46
  Use: Potion            |     3 |       |       |     1 ||     4
       Scroll            |       |       |       |    18 ||    18
 Stab: Sleeping          |     2 |     4 |     2 |     1 ||     9
  Eat: Chunk             |    15 |    17 |    30 |    35 ||    97
Armor: Robe              |    33 |    31 |    56 |    41 ||   161
Dodge: Dodged            |    38 |    70 |   146 |   157 ||   411
Block: Other             |       |       |     3 |    53 ||    56
       Reflection        |       |       |       |     2 ||     2

Vault maps used:
D:1:      minmay_arrival_floating_metal
D:2:      lemuel_coloured_pillars_altar, grunt_ministairs_2,
          cheibriados_altar_1, uniq_jessica
D:3:      lemuel_round_altar, first_bread
D:4:      kennysheep_little_box, uniq_edmund
D:5:      amethyst_overflow_temple_binary, minmay_misc_feat_columns,
          uniq_menkaure
D:6:      serial_shops, shop, nicolae_shop_waterfront
D:7:      minmay_temple_entry_junction, uniq_pikel, uniq_joseph
D:9:      corexii_shack_village, orc_0_dummy, serial_shops, shop, uniq_maurice
D:10:     lemuel_bear_cage, erik_lair_island, serial_shops,
          nicolae_shop_overgrown_old_shop, hangedman_little_slice_of_home,
          serial_park_tiny_pond
D:11:     jmf_multi_god_temple
Temple:   lightli_temple_of_artemis
Lair:1:   basic_altar, serial_bayou_pond_d
Lair:2:   lemuel_fruit_tree
Lair:3:   minmay_swamp_entry_worms, grunt_forest_small_clearings
Lair:4:   spider_nest_entry_rubble
Lair:5:   slime_altar_1, grunt_megastairs_1, serial_bayou_shore_b, uniq_kirke

Table legend:
 A = Turns spent in this place as a percentage of turns spent in the entire game.
 B = Non-inter-level travel turns spent in this place as a percentage of non-inter-level travel turns spent in the entire game.
 C = Inter-level travel turns spent in this place as a percentage of turns spent in this place.
 D = Turns resting spent in this place as a percentage of non-inter-level travel turns spent in this place.
 E = Turns spent auto-exploring this place as a percentage of non-inter-level travel turns spent in this place.
 F = Non-inter-level travel turns spent in this place divided by the number of levels of this place that you've seen.
                   A       B       C       D       E      F
               +-------+-------+-------+-------+-------+----------------------
         Total | 100.0 | 100.0 |   0.5 |   2.6 |   7.2 | 247.1
       Dungeon |  83.6 |  83.6 |   0.5 |   2.6 |   8.4 | 319.2
        Temple |   1.0 |   1.0 |   2.4 |   0.0 |   5.0 |  40.0
          Lair |  15.4 |  15.5 |   0.3 |   2.9 |   0.8 | 129.8
               +-------+-------+-------+-------+-------+----------------------

Table legend:
 A = Kills in this place as a percentage of kills in entire the game.
 B = Kills by you in this place as a percentage of kills by you in the entire game.
 C = Kills by friends in this place as a percentage of kills by friends in the entire game.
 D = Other kills in this place as a percentage of other kills in the entire game.
 E = Experience gained in this place as a percentage of experience gained in the entire game.
 F = Experience gained in this place divided by the number of levels of this place that you have seen.
                   A       B       C       D       E      F
               +-------+-------+-------+-------+-------+----------------------
         Total | 100.0 | 100.0 |  -nan |  -nan | 100.0 | 1234.5
       Dungeon |  91.9 |  91.9 |  -nan |  -nan |  65.4 | 1248.0
          Lair |   8.1 |   8.1 |  -nan |  -nan |  34.6 | 1451.6
               +-------+-------+-------+-------+-------+----------------------
